 Dungeon Crawl Stone Soup version 0.28.0-43-g3370ac3207 (webtiles) character file.

Game seed: 7631219656319985033

51 polpol the Shooter (level 4, -1/33 HPs)
             Began as a Human Hunter on Mar 2, 2022.
             Slain by a hornet (9 damage)
             ... while paralysed by a hornet
             ... on level 4 of the Dungeon.
             The game lasted 00:10:40 (2007 turns).

polpol the Shooter (Human Hunter)                   Turns: 2007, Time: 00:10:41

Health: -1/33      AC:  4    Str: 12    XL:     4   Next: 7%
Magic:  4/4        EV:  2    Int: 11    God:
Gold:   79         SH:  0    Dex: 16    Spells: 3/3 levels left

rFire   . . .      SeeInvis .   h - +2 dagger (drain)
rCold   . . .      Faith    .   (no shield)
rNeg    . . .      Spirit   .   c - +0 leather armour
rPois   .          Reflect  .   (no helmet)
rElec   .          Harm     .   (no cloak)
rCorr   .          Rampage  .   e - +0 pair of gloves
Will    .....                   (no boots)
Stlth   ++........              (no amulet)
HPRegen 0.11/turn               (no ring)
MPRegen 0.09/turn               (no ring)

@: paralysed, lethally poisoned (-1 -> -6)
A: screaming 1
a: no special abilities


You were on level 4 of the Dungeon.
You visited 1 branch of the dungeon, and saw 4 of its levels.

You collected 79 gold pieces.

Inventory:

Hand Weapons
 a - a +1 shortbow
 b - a +0 short sword
 h - a +2 dagger of draining (weapon)
Missiles
 d - 43 arrows
Armour
 c - a +0 leather armour (worn)
 e - a +0 pair of gloves (worn)
Scrolls
 g - 3 scrolls of identify
Potions
 f - a potion of haste {unknown}
 i - 2 potions of flight


   Skills:
 + Level 2.2 Fighting
 + Level 0.8 Short Blades
 + Level 5.0 Bows
 + Level 0.4 Armour
 + Level 2.0 Dodging
 + Level 1.0 Stealth


You had 3 spell levels left.
You didn't know any spells.
Your spell library was empty.

Dungeon Overview and Level Annotations

Branches:
Dungeon (3/15)

Altars:
Fedhas
Wu Jian

Shops:
D:1 (


Innate Abilities, Weirdness & Mutations

You occasionally shout uncontrollably at your foes.


Message History

The bat misses you.
You hit the bat.
You kill the bat!
Your Bows skill increases to level 5!
a - a +1 shortbow (weapon)
Done exploring.
Done exploring.
Search for what [? for help]?
Stairs Can't find anything matching that.
Search for what [Enter for "Stairs", or ? for help]? stairs Can't find anything matching that.
No monsters, items or features are visible.
There is a stone staircase leading down here.
Okay, then.
You climb downwards.
There is a stone staircase leading up here.
A sourceless malevolence fills the Dungeon...
You fall into a shaft and drop 1 floor!
The shaft crumbles and collapses.
A ball python and a hornet come into view.
You yell at the hornet!
Found 12 gold pieces and an ivory wand.
Found a blossoming altar of Fedhas and an ornate altar of the Wu Jian Council.
Fire: 44 arrows
Press: ? - help, Q - select action Shift-Dir - straight line, f - hornet
Aim: a hornet (51% to hit)
Okay, then.
Fire: 44 arrows
Press: ? - help, Q - select action Shift-Dir - straight line, f - hornet
Aim: a hornet (water, 51% to hit)
You shoot an arrow. The arrow misses the hornet.
You sense an unholy aura.
h - a +2 dagger of draining (weapon)
The hornet stings you!
You are poisoned.
You suddenly lose the ability to move!
You feel sick. The hornet stings you!
You feel yourself slow down.
You feel yourself speed up.
You feel sick. The hornet stings you!
You die...

_≈.≈...≈.≈.#
.≈.≈.≈(≈.≈.#
...≈/≈_≈.≈.#
≈≈≈≈.≈≈≈.≈.#
..$≈.....≈.##
≈≈.≈≈≈≈≈≈≈..#
............#
#y.....#
#@###### #..#
#.## .. #.#
.. ###


You could see a hornet.

Vanquished Creatures
  An adder (D:2)
  7 endoplasms
  2 giant cockroaches
  3 goblins
  5 hobgoblins
  4 kobolds
  A quokka (D:2)
  5 ball pythons
  6 bats
  3 frilled lizards
  2 rats (D:1)
39 creatures vanquished.

Vanquished Creatures (others)
  14 plants (D:2)
14 creatures vanquished.

Grand Total: 53 creatures vanquished

Notes
Turn   | Place    | Note
-------+----------+-------------------------------------------
     0 | D:1      | polpol the Human Hunter began the quest for the Orb.
     0 | D:1      | Reached XP level 1. HP: 16/16 MP: 1/1
   226 | D:2      | Reached XP level 2. HP: 12/22 MP: 2/2
   390 | D:1      | Found Walofaun's Weapon Boutique.
   735 | D:1      | Reached XP level 3. HP: 27/27 MP: 3/3
  1264 | D:2      | Noticed a floating eye
  1266 | D:2      | Found a faded altar of an unknown god.
  1286 | D:2      | Gained mutation: You occasionally shout uncontrollably at
                  | your foes. [potion of mutation]
  1287 | D:2      | HP: 1/27 [poisoned by an adder]
  1585 | D:2      | Noticed a shining eye
  1585 | D:2      | Noticed a shining eye
  1585 | D:2      | Noticed a golden eye
  1629 | D:2      | Reached XP level 4. HP: 33/33 MP: 4/4
  1938 | D:2      | Reached skill level 5 in Bows
  2002 | D:3      | You fall into a shaft and drop 1 floor!
  2002 | D:4      | Noticed a hornet
  2002 | D:4      | Found a blossoming altar of Fedhas.
  2002 | D:4      | Found an ornate altar of the Wu Jian Council.
  2005 | D:4      | Paralysed by a hornet for 3 turns
  2007 | D:4      | Slain by a hornet

Illustrated notes

Levels and vault maps discovered:
D:1:      dpeg_arrival_another_circle, layout_rooms, serial_shops,
          nicolae_shop_statue_plus
D:2:      layout_loops_ring, hellmonk_ecumenical_altar_watching_god, hex_tiny,
          serial_bayou_lake_a
D:3:      layout_basic, roderic_lattice_a, hangedman_decor_opposing,
          uniq_jessica, uniq_robin
D:4:      layout_loops_ring, lemuel_blue_sif_altar, mainiacjoe_overflow_paths,
          mainiacjoe_overflow_catwalk_spiral, amcnicky_altar_gilded,
          grunt_decor_junction, uniq_edmund, uniq_sigmund, uniq_blork_the_orc

Skill      XL: |  1  2  3  4 |
---------------+-------------+-----
Bows           | 5 |  5.0
Fighting       | |  2.2
Short Blades   | |  0.8
Armour         | |  0.4
Dodging        | |  2.0
Stealth        | |  1.0

Action                   |  1- 3 |  4- 6 || total
-------------------------+-------+-------++-------
Melee: Short sword       |    35 |       ||    35
       Punch             |     1 |       ||     1
       Dagger            |    16 |     1 ||    17
 Fire: Shortbow          |    44 |     6 ||    50
  Use: Scroll            |     3 |       ||     3
       Potion            |     1 |       ||     1
Armor: Leather armour    |    19 |     1 ||    20
Dodge: Dodged            |    34 |     1 ||    35
